 Dungeon Crawl Stone Soup version 0.21.1-1-g345015f (webtiles) character file.

6413 thisgamesucks the Protected (level 11, -7/81 HPs)
             Began as a Human Fighter on Apr 23, 2018.
             Mangled by a yak (9 damage)
             ... on level 11 of the Dungeon.
             The game lasted 01:03:19 (13867 turns).

thisgamesucks the Protected (Human Fighter)        Turns: 13867, Time: 01:03:21

Health: -7/81      AC:  9    Str: 18    XL:     11   Next: 18%
Magic:  11/11      EV: 11    Int:  9    God:
Gold:   243        SH: 11    Dex: 14    Spells: 10/10 levels left

rFire    + + .     SeeInvis .   v - +9 dagger "Vysentia" {pierce, *Contam *Slow +Blink +Inv rF++}
rCold    . . .     Gourm    .   c - +0 shield
rNeg     . . .     Faith    .   b - +1 scale mail
rPois    .         Spirit   .   (no helmet)
rElec    .         Reflect  .   (no cloak)
rCorr    .         Harm     .   (no gloves)
MR       .....                  (no boots)
Stlth    ++........             (no amulet)
HPRegen  0.23/turn              (no ring)
MPRegen  0.12/turn              (no ring)

@: no status effects
A: no striking features
a: Evoke Blink, Evoke Invisibility


You were on level 11 of the Dungeon.
You were hungry.

You visited 2 branches of the dungeon, and saw 12 of its levels.
You also visited: Sewer.

You collected 295 gold pieces.
You spent 52 gold pieces at shops.

Inventory:

Hand Weapons
 a - a +0 flail
 g - a +0 trident of venom
 k - a +4 dagger of venom
 p - a +3 flail of holy wrath
 v - the +9 dagger "Vysentia" (weapon) {pierce, *Contam *Slow +Blink +Inv rF++}
   (You found it on level 4 of the Dungeon)

   It inflicts extra damage upon your enemies.
   It greatly protects you from fire.
   It lets you turn invisible.
   It lets you blink.
   It causes magical contamination when unequipped.
   It may slow you when you take damage.
 A - a +3 great sword
 B - a cursed +4 mace
 E - the +6 dagger of Ambiguity {pain, rElec rF+ rN+, unknown}
   (You found it on level 8 of the Dungeon)

   In the hands of one skilled in necromantic magic, it inflicts extra damage on
   living creatures.
   It protects you from fire.
   It insulates you from electricity.
   It protects you from negative energy.
Missiles
 h - 6 javelins
 n - 6 javelins of returning (quivered)
Armour
 b - a +1 scale mail (worn)
 c - a +0 shield (worn)
 G - a +0 plate armour
 M - the +4 buckler of Resourcefulness {Dex+3, unknown}
   (You found it on level 8 of the Dungeon)

   It affects your dexterity (+3).
Magical Staves
 K - an uncursed staff of fire
Jewellery
 J - a cursed -6 ring of evasion {unknown}
 L - an uncursed amulet of faith {unknown}
Wands
 e - a wand of enslavement (17)
 j - a wand of digging (5)
 r - a wand of acid (7)
 u - a wand of flame (31)
 z - a wand of paralysis (23)
Scrolls
 i - 2 scrolls of noise
 w - 2 scrolls of fog
 y - 3 scrolls of remove curse
 C - 2 scrolls of teleportation
 N - a scroll of blinking
Potions
 d - 4 potions of might
 l - 2 potions of agility
 m - 3 potions of brilliance
 o - 2 potions of flight
 q - 3 potions of degeneration
 s - a potion of resistance {unknown}
 x - 2 potions of lignification {unknown}
 D - a potion of magic {unknown}
 F - a potion of ambrosia {unknown}
Miscellaneous
 H - a sack of spiders
 I - a box of beasts
Comestibles
 f - 7 rations


   Skills:
 + Level 5.7 Fighting
 + Level 7.2 Short Blades
 + Level 3.1 Maces & Flails
 + Level 0.5 Throwing
 + Level 8.3 Armour
 + Level 4.5 Dodging
 * Level 6.9 Stealth
 + Level 8.0 Shields
 + Level 1.3 Evocations


You had 10 spell levels left.
You didn't know any spells.

Dungeon Overview and Level Annotations

Branches:
Dungeon (11/15)            Temple (1/1) D:4             Orc (0/2) D:9
   Lair: D:8-11

Altars:
Ashenzari
Cheibriados
Dithmenos
Elyvilon
Fedhas
Gozag
Hepliaklqana
Kikubaaqudgha
Makhleb
Nemelex Xobeh
Okawaru
Qazlal
Ru
Sif Muna
Trog
Uskayaw
Vehumet
Wu Jian
Xom
Yredelemnul
Zin
The Shining One

Shops:
D:6 *

Annotations:
D:3 dudepal's ghost, amateur GnHu
D:10 Josephine


Message History

The yak gores you but does no damage. You block the yak's attack.
The yak gores you but does no damage. You block the yak's attack.
You hit the yak.
The yak is moderately wounded.
The yak gores you!
You block the yak's attack. x2; The yak gores you!
* * * LOW HITPOINT WARNING * * *
You completely miss the yak.
The yak is moderately wounded.
You hit the yak.
The yak is moderately wounded.
You block the yak's attack.
The yak gores you but does no damage. x2
You block the yak's attack.
You hit the yak.
The yak is heavily wounded.
The yak gores you.
* * * LOW HITPOINT WARNING * * *
The yak gores you!
* * * LOW HITPOINT WARNING * * *
The yak closely misses you. The yak gores you!
You die...

#...##..#
#... #..#
#.. #..#
#. #..# #.
#..# #..#
#..# #.
#..#
.#...##@Y#
......YYY#
.......Y.#
##########


You could see 5 yaks.

Vanquished Creatures
  A two-headed ogre (D:11)
  A troll (D:8)
  Grinder (D:6)
  A hornet (D:8)
  A hippogriff (D:7)
  A spriggan (D:9)
  A yak (D:11)
  A wyvern (D:10)
  The ghost of Falco the Caller, an amateur TrSu (D:4)
  4 vampire mosquitoes (D:8)
  3 hungry ghosts
  6 orc warriors
  A necrophage (D:9)
  A sky beast (D:6)
  A black bear (D:6)
  A phantom (D:6)
  3 ogres
  A centaur (D:8)
  A big kobold (Sewer)
  5 bullfrogs
  A water moccasin zombie (D:6)
  A wyvern skeleton (D:8)
  6 scorpions
  A killer bee (D:10)
  5 wights
  2 howler monkeys
  3 crimson imps
  4 jellies
  A quasit (D:8)
  A bullfrog skeleton (D:8)
  2 orc priests
  5 hounds
  3 iguanas
  3 orc wizards
  Natasha (thrice) (D:3)
  3 worker ants
  A hound zombie (D:8)
  A hound skeleton (D:8)
  A worker ant zombie (D:5)
  A howler monkey skeleton (D:5)
  4 gnolls
  12 adders
  8 river rats (Sewer)
  A shadow imp (D:8)
  An ooze (D:4)
  2 adder skeletons
  4 worms
  3 dart slugs
  9 leopard geckos
  11 orcs
  5 ball pythons (Sewer)
  4 bats
  6 giant cockroaches
  11 goblins
  8 hobgoblins
  3 jackals (D:3)
  3 quokkas (D:4)
  4 frilled lizards
  21 kobolds
  A quokka skeleton (D:4)
  17 rats
222 creatures vanquished.

Vanquished Creatures (others)
  2 fungi (D:11)
  3 plants (D:11)
5 creatures vanquished.

Grand Total: 227 creatures vanquished

Notes
Turn   | Place    | Note
-------+----------+-------------------------------------------
     0 | D:1      | thisgamesucks the Human Fighter began the quest for the Orb.
     0 | D:1      | Reached XP level 1. HP: 18/18 MP: 1/1
   501 | D:1      | Reached XP level 2. HP: 20/24 MP: 2/2
  1238 | D:1      | Reached XP level 3. HP: 27/29 MP: 3/3
  1858 | D:2      | Reached XP level 4. HP: 21/35 MP: 4/4
  2068 | D:2      | Reached skill level 1 in Dodging
  2336 | D:2      | Reached XP level 5. HP: 26/41 MP: 5/5
  2619 | D:3      | Found a glowing drain.
  2623 | Sewer    | Entered a sewer
  3273 | Sewer    | Noticed a big kobold
  3285 | Sewer    | Killed a big kobold
  3285 | Sewer    | Reached skill level 1 in Short Blades
  3285 | Sewer    | Reached XP level 6. HP: 39/47 MP: 6/6
  4287 | D:3      | Noticed dudepal's ghost (amateur GnHu)
  4574 | D:3      | Noticed Natasha
  4585 | D:3      | Killed Natasha
  4585 | D:3      | Reached XP level 7. HP: 43/52 MP: 7/7
  4613 | D:3      | Noticed Natasha
  4623 | D:3      | Killed Natasha
  4934 | D:3      | Noticed Natasha
  4947 | D:3      | Killed Natasha
  5383 | D:4      | Got a crystal dagger
  5498 | D:4      | Found a staircase to the Ecumenical Temple.
  5511 | Temple   | Entered the Ecumenical Temple
  5673 | D:4      | Noticed Falco's ghost (amateur TrSu)
  5684 | D:4      | Killed Falco's ghost
  5684 | D:4      | Reached skill level 1 in Stealth
  5684 | D:4      | Reached skill level 5 in Shields
  5726 | D:4      | Identified the +9 dagger "Vysentia" {pierce, *Contam *Slow +Blink +Inv rF++} (You found it on level 4 of the Dungeon)
  6388 | D:5      | Entered Level 5 of the Dungeon
  6418 | D:5      | Reached skill level 5 in Armour
  6422 | D:5      | Reached XP level 8. HP: 53/60 MP: 8/8
  6852 | D:5      | Found a shadowy altar of Dithmenos.
  7173 | D:6      | Found Yzugops's General Store.
  7319 | D:6      | Bought a scroll of magic mapping for 52 gold pieces
  7513 | D:6      | Noticed Grinder
  7527 | D:6      | Paralysed by Grinder for 4 turns
  7541 | D:6      | Killed Grinder
  7541 | D:6      | Reached skill level 1 in Evocations
  7591 | D:6      | Reached XP level 9. HP: 59/65 MP: 9/9
  8826 | D:7      | Noticed a hippogriff
  8854 | D:7      | Killed a hippogriff
  8854 | D:7      | Reached skill level 5 in Short Blades
  9690 | D:8      | Found an opulent altar of Gozag.
  9870 | D:8      | Noticed a hornet
  9887 | D:8      | Killed a hornet
  9887 | D:8      | Reached skill level 5 in Stealth
 10166 | D:8      | Reached XP level 10. HP: 71/73 MP: 10/10
 10734 | D:8      | Reached skill level 5 in Fighting
 10812 | D:8      | Got a twisted dagger
 11227 | D:8      | Got a transparent buckler
 13108 | D:9      | Found a glowing golden altar of the Shining One.
 13558 | D:10     | Entered Level 10 of the Dungeon
 13605 | D:10     | Reached XP level 11. HP: 76/80 MP: 11/11
 13641 | D:10     | Noticed Josephine
 13690 | D:11     | Noticed a two-headed ogre
 13706 | D:11     | Killed a two-headed ogre
 13867 | D:11     | HP: 2/81 [yak (12)]
 13867 | D:11     | Mangled by a yak

Skill      XL: |  1  2  3  4  5  6  7  8  9 10 11 |
---------------+----------------------------------+-----
Dodging        | 1 2 3 4 |  4.5
Shields        | 4 5 6 7 8 |  8.0
Short Blades   | 1 2 4 5 6 7 |  7.2
Armour         | 4 5 6 7 8 |  8.3
Maces & Flails | 3 |  3.1
Stealth        | 1 3 5 6 |  6.9
Fighting       | 4 5 |  5.7
Evocations     | 1 |  1.3
Throwing       | |  0.5

Action                   |  1- 3 |  4- 6 |  7- 9 | 10-12 || total
-------------------------+-------+-------+-------+-------++-------
Melee: Flail             |    71 |       |     7 |       ||    78
       Dagger            |    29 |   206 |   310 |   304 ||   849
Throw: Javelin           |       |     7 |       |     2 ||     9
 Abil: Evoke Invisibilit |       |       |     1 |       ||     1
Evoke: Wand              |       |       |     8 |     1 ||     9
  Use: Potion            |       |     1 |     4 |    12 ||    17
       Scroll            |       |    11 |     4 |     5 ||    20
 Stab: Invisible         |       |       |     1 |       ||     1
       Sleeping          |       |       |       |     1 ||     1
  Eat: Chunk             |     3 |     1 |       |     2 ||     6
       Ration            |       |     3 |     5 |     5 ||    13
Armor: Scale mail        |    60 |    93 |    88 |    72 ||   313
Dodge: Dodged            |    31 |    70 |    89 |   115 ||   305
Block: Shield            |    60 |   121 |   139 |   167 ||   487
